 Dungeon Crawl Stone Soup version 0.22-a0-348-gd16d139 (webtiles) character file.

7130 Deeps the Fighter (level 10, -2/87 HPs)
             Began as a Demonspawn Abyssal Knight on Apr 7, 2018.
             Was a High Priest of Lugonu.
             Slain by Grum
             ... wielding a +1 spear
              (7 damage)
             ... on level 10 of the Dungeon.
             The game lasted 00:19:08 (8667 turns).

Deeps the Fighter (Demonspawn Abyssal Knight)       Turns: 8667, Time: 00:19:08

Health: -2/87      AC: 14    Str: 16    XL:     10   Next: 85%
Magic:  0/14       EV: 10    Int: 13    God:    Lugonu [*****.]
Gold:   387        SH:  0    Dex: 13    Spells: 9/9 levels left

rFire    . . .     SeeInvis .   I - +1 battleaxe
rCold    . . .     Gourm    .   (shield currently unavailable)
rNeg     . . .     Faith    .   s - +5 ring mail
rPois    +         Spirit   +   p - +0 helmet
rElec    .         Reflect  .   (no cloak)
rCorr    .         Harm     .   (gloves unavailable)
MR       .....                  (no boots)
Stlth    +.........             (no amulet)
HPRegen  0.24/turn              j - +6 ring of slaying
MPRegen  0.28/turn              F - ring of poison resistance

@: no status effects
A: claws 3, icy blue scales 1, demonic guardian 1, magic shield, magic
regeneration
a: Depart the Abyss, Bend Space, Banish, Corrupt, Enter the Abyss, Renounce
Religion


You were on level 10 of the Dungeon.
You worshipped Lugonu.
Lugonu was extremely pleased with you.
You were not hungry.

You visited 1 branch of the dungeon, and saw 10 of its levels.
You visited the Abyss 1 time.

You collected 480 gold pieces.
You spent 93 gold pieces at shops.

Inventory:

Hand Weapons
 a - a +1 hand axe
 i - a +0 flail of protection
 v - a +1 war axe
 I - a +1 battleaxe (weapon)
Armour
 b - a +0 leather armour
 d - a +0 plate armour
 p - a +0 helmet (worn)
 s - a +5 ring mail (worn)
Jewellery
 e - an uncursed amulet of the acrobat {unknown}
 j - a +6 ring of slaying (left claw)
 l - an uncursed ring of resist corrosion
 r - a +2 ring of intelligence
 u - an uncursed ring of protection from magic
 B - an uncursed ring of protection from magic
 F - a ring of poison resistance (right claw)
Wands
 o - a wand of iceblast (3)
 t - a wand of polymorph (7)
 y - a wand of random effects (32)
 A - a wand of flame (82)
 G - a wand of paralysis (5)
Scrolls
 f - 4 scrolls of remove curse
 g - 8 scrolls of identify
 h - 3 scrolls of magic mapping
 x - 2 scrolls of blinking
 D - 2 scrolls of amnesia
 E - 4 scrolls of teleportation {unknown}
Potions
 k - a potion of lignification
 m - a potion of agility
 n - 4 potions of curing
 q - a potion of magic
 w - a potion of ambrosia
 z - a potion of mutation {unknown}
 C - a potion of haste {unknown}
Comestibles
 c - 13 rations


   Skills:
 - Level 11.1 Fighting
 - Level 10.0 Axes
 + Level 5.5 Armour
 - Level 0.8 Dodging
 + Level 6.0 Invocations


You had 9 spell levels left.
You didn't know any spells.

Dungeon Overview and Level Annotations

Branches:
Dungeon (10/15)            Temple (0/1) D:6
   Lair: D:8-11         Orc: D:9-12

Altars:
Ashenzari
Dithmenos
Gozag
Hepliaklqana
Kikubaaqudgha
Nemelex Xobeh
Okawaru
Ru
Trog
Uskayaw
Vehumet
Yredelemnul

Shops:
D:5 *

Annotations:
D:10 Grum


Innate Abilities, Weirdness & Mutations

You have claws for hands.
You are partially covered in icy blue scales. (AC +2)
A weak demonic guardian rushes to your aid.
When hurt, damage is shared between your health and your magic reserves.
You regenerate magic rapidly.


Message History

You slash Grum!
Grum is moderately wounded.
Grum barely misses you.
You closely miss Grum.
Grum is moderately wounded.
Grum barely misses you.
You closely miss Grum.
Grum is moderately wounded.
Grum hits you with an enchanted spear.
* * * LOW HITPOINT WARNING * * *
You hit Grum.
Grum is moderately wounded.
Your quasit bites Grum but does no damage.
Your quasit closely misses Grum.
Your quasit claws Grum.
Grum hits you with an enchanted spear!
* * * LOW HITPOINT WARNING * * *
Your quasit bites Grum but does no damage.
Your quasit claws Grum but does no damage. x2
Grum hits you with an enchanted spear!
You die...

........# ........#
........## .........#
.........# .........#
......5..# ......g@†##
.......)..#######
......###........ ....##
##.......# ...
###........#
######..........#
######..............#
#####...................#
........................#


You could see Grum and a friendly quasit.

Vanquished Creatures
  The ghost of arthad the Fighter, a novice DrBe of Trog (D:7)
  Pikel (D:4)
  A gargoyle (D:10)
  A hornet (D:9)
  A troll (D:7)
  A wyvern (D:9)
  A wraith (D:9)
  4 yaks (D:9)
  The ghost of cellescent the Magician, an amateur HOWn (D:4)
  An ice beast (D:6)
  3 phantoms
  5 sky beasts
  4 slaves (D:4)
  A black bear (D:9)
  5 ogres
  3 wolves (D:10)
  2 centaurs
  A big kobold (D:9)
  A wyvern zombie (D:9)
  4 bullfrogs
  A wyvern skeleton (D:7)
  2 scorpions
  5 killer bees (D:9)
  3 wights (D:9)
  5 howler monkeys
  3 crimson imps
  3 bullfrog zombies
  A centaur skeleton (D:5)
  4 hounds
  12 orc wizards
  A quasit (D:9)
  8 orc priests
  A bullfrog skeleton (D:6)
  Jessica (D:2)
  Ijyb (D:3)
  3 iguanas
  4 worker ants
  A hound zombie (D:6)
  A hound skeleton (D:7)
  A howler monkey zombie (D:8)
  Robin (D:2)
  3 gnolls (D:3)
  A howler monkey skeleton (D:6)
  11 adders
  2 shadow imps
  A worm (D:4)
  A dart slug (D:2)
  5 leopard geckos
  42 orcs
  A ball python (D:1)
  7 bats
  6 giant cockroaches
  13 goblins
  9 hobgoblins
  4 jackals (D:7)
  2 quokkas (D:2)
  3 frilled lizards (D:1)
  A jackal skeleton (D:7)
  11 kobolds
  5 rats
232 creatures vanquished.

Vanquished Creatures (collateral kills)
  A dream sheep (D:5)
  A steam dragon (D:9)
  A centaur (D:7)
  A centaur skeleton (D:4)
  3 orcs
  A goblin (D:9)
8 creatures vanquished.

Vanquished Creatures (others)
  5 fungi (D:10)
5 creatures vanquished.

Grand Total: 245 creatures vanquished

Notes
Turn   | Place    | Note
-------+----------+-------------------------------------------
     0 | Abyss:1  | Deeps the Demonspawn Abyssal Knight began the quest for the Orb.
     0 | Abyss:1  | Reached XP level 1. HP: 18/18 MP: 2/2
    53 | Abyss:1  | Noticed a large abomination
    67 | Abyss:1  | Noticed a small abomination
    67 | Abyss:1  | Noticed a tentacled starspawn
    68 | D:1      | Escaped the Abyss
   273 | D:1      | Gained mutation: You have sharp fingernails. [demonic ancestry]
   273 | D:1      | Reached XP level 2. HP: 15/24 MP: 3/3
   482 | D:1      | Reached * piety under Lugonu
  1001 | D:2      | Noticed Jessica
  1006 | D:2      | Killed Jessica
  1006 | D:2      | Reached skill level 4 in Fighting
  1006 | D:2      | Gained mutation: When hurt, damage is shared between your health and your magic reserves. [demonic ancestry]
  1006 | D:2      | Reached XP level 3. HP: 14/30 MP: 4/4
  1373 | D:2      | Reached XP level 4. HP: 33/37 MP: 5/5
  1384 | D:2      | Found a radiant altar of Vehumet.
  1447 | D:2      | Noticed Robin
  1456 | D:2      | Killed Robin
  2007 | D:3      | Noticed Ijyb
  2016 | D:3      | Killed Ijyb
  2016 | D:3      | Gained mutation: A weak demonic guardian rushes to your aid. [demonic ancestry]
  2016 | D:3      | Reached XP level 5. HP: 41/43 MP: 6/6
  2041 | D:3      | You fall through a shaft!
  2070 | D:4      | Noticed cellescent's ghost (amateur HOWn)
  2089 | D:4      | Killed cellescent's ghost
  2089 | D:4      | Reached ** piety under Lugonu
  2089 | D:4      | Reached skill level 5 in Fighting
  2089 | D:4      | Gained mutation: You have very sharp fingernails. [demonic ancestry]
  2089 | D:4      | Reached XP level 6. HP: 18/51 MP: 3/7
  2947 | D:3      | Found a hazy altar of Hepliaklqana.
  3495 | D:4      | Reached skill level 6 in Fighting
  3504 | D:4      | Reached XP level 7. HP: 27/58 MP: 6/8
  3506 | D:4      | Reached skill level 5 in Axes
  3702 | D:4      | Found a shadowy altar of Dithmenos.
  3746 | D:4      | Found an ancient bone altar of Kikubaaqudgha.
  3857 | D:4      | Noticed Pikel
  3874 | D:4      | Killed Pikel
  3874 | D:4      | Reached skill level 7 in Fighting
  3874 | D:4      | Gained mutation: You regenerate magic rapidly. [demonic ancestry]
  3874 | D:4      | Reached XP level 8. HP: 33/67 MP: 4/9
  4279 | D:5      | Entered Level 5 of the Dungeon
  4320 | D:5      | Reached skill level 8 in Fighting
  4481 | D:5      | Found Raluonga's Assorted Antiques.
  4490 | D:5      | Noticed a two-headed ogre
  4496 | D:5      | Noticed a snapping turtle
  4496 | D:5      | a two-headed ogre changed into a snapping turtle
  4497 | D:5      | Noticed a dream sheep
  4497 | D:5      | a snapping turtle changed into a dream sheep
  4500 | D:5      | Killed a dream sheep
  4517 | D:5      | Bought a scroll of identify for 62 gold pieces
  4517 | D:5      | Bought a scroll labeled DYPHABBUODD for 31 gold pieces
  4672 | D:5      | Reached *** piety under Lugonu
  4876 | D:5      | Found an opulent altar of Gozag.
  4876 | D:5      | Found a shattered altar of Ashenzari.
  5214 | D:6      | Gained mutation: You have claws for hands. [demonic ancestry]
  5214 | D:6      | Reached XP level 9. HP: 73/75 MP: 10/10
  5224 | D:6      | Reached skill level 9 in Fighting
  5846 | D:6      | Found a staircase to the Ecumenical Temple.
  5901 | D:7      | Noticed arthad's ghost (novice DrBe)
  5910 | D:7      | Killed arthad's ghost
  5910 | D:7      | Reached skill level 10 in Fighting
  6030 | D:7      | Reached **** piety under Lugonu
  6038 | D:7      | Found a sparkling altar of Nemelex Xobeh.
  6060 | D:7      | Noticed a troll
  6065 | D:7      | Killed a troll
  6530 | D:7      | Found a hide-covered altar of Uskayaw.
  6636 | D:7      | Gained mutation: You are partially covered in icy blue scales. (AC +2) [demonic ancestry]
  6636 | D:7      | Reached XP level 10. HP: 86/86 MP: 11/11
  7271 | D:8      | Found a bloodstained altar of Trog.
  7272 | D:8      | Found a sacrificial altar of Ru.
  7272 | D:8      | Found a basalt altar of Yredelemnul.
  7385 | D:9      | Found an iron altar of Okawaru.
  7392 | D:9      | Reached skill level 11 in Fighting
  7539 | D:9      | Reached skill level 10 in Axes
  8083 | D:9      | Reached ***** piety under Lugonu
  8138 | D:9      | Paralysed by a hornet for 3 turns
  8486 | D:10     | Entered Level 10 of the Dungeon
  8486 | D:10     | Noticed a gargoyle
  8493 | D:10     | Killed a gargoyle
  8493 | D:10     | Reached skill level 5 in Armour
  8493 | D:10     | Reached skill level 5 in Invocations
  8657 | D:10     | Noticed Grum
  8667 | D:10     | Slain by Grum

Vault maps used:
D:1:      evilmike_arrival_rings, serial_forest, infiniplex_forest_clump_long,
          infiniplex_forest_clump_small, infiniplex_forest_lined_1,
          infiniplex_forest_lined_1, infiniplex_forest_corner_2,
          infiniplex_forest_clump_medium
D:2:      vehumet_crystals, first_ration, uniq_robin, uniq_jessica
D:3:      nicolae_overflow_crystal_walls, roderic_lattice_a, uniq_ijyb
D:4:      kiku_gazebo_garden_becter, grunt_dithmenos_shadows, uniq_pikel
D:5:      amethyst_overflow_temple_binary, serial_shops,
          nicolae_shop_overgrown_old_shop
D:6:      minmay_temple_entry_enclosed_plants
D:7:      kennysheep_mini_moat, marbit_many_paths, serial_co_window_serial,
          co_window_of_opportunity_a, co_window_of_opportunity_a,
          co_window_paths_a, co_window_of_opportunity_a, co_window_paths_b,
          co_window_corner_a, co_window_corner_a, co_window_2corner,
          co_window_of_opportunity_b, co_window_unsneaky_path_c,
          co_window_of_opportunity_b, co_window_corner_ca, co_window_corner_b,
          co_window_cross_2, glass_columns_a, glass_columns_a, glass_columns_c,
          glass_columns_c, glass_columns_c
D:8:      minitemple
D:9:      kennysheep_okawaru_gauntlet
D:10:     grunt_lair_entry_orc_guard_hut, grunt_ogre_cave, uniq_grum

Skill      XL: |  1  2  3  4  5  6  7  8  9 10 |
---------------+-------------------------------+-----
Axes           | 2 3 4 6 7 9 10 | 10.0
Fighting       | 4 5 6 7 8 10 11 | 11.1
Armour         | 5 |  5.5
Invocations    | 6 |  6.0
Dodging        | |  0.8

Action                   |  1- 3 |  4- 6 |  7- 9 | 10-12 || total
-------------------------+-------+-------+-------+-------++-------
Melee: Hand axe          |    85 |    98 |       |       ||   183
       War axe           |       |    29 |   210 |   160 ||   399
       Battleaxe         |       |       |       |    27 ||    27
Invok: Depart the Abyss  |     1 |       |       |       ||     1
       Bend Space        |       |       |       |     1 ||     1
Evoke: Wand              |       |       |     4 |     1 ||     5
  Use: Scroll            |       |     1 |    11 |     2 ||    14
       Potion            |       |     1 |     7 |     3 ||    11
 Stab: Distracted        |       |       |     3 |       ||     3
  Eat: Chunk             |     1 |     3 |     3 |     5 ||    12
       Ration            |       |     1 |     2 |     1 ||     4
Armor: Plate armour      |    85 |    38 |       |       ||   123
       Ring mail         |       |    31 |    97 |   109 ||   237
Dodge: Dodged            |    10 |    45 |    88 |   109 ||   252

Table legend:
 A = Spawn XP
 B = Non-spawn XP
 C = Spawn XP percentage of total XP
 D = Spawn monster count
 E = Non-spawn monster count
 F = Spawn count percentage of total count
 G = Total turns spent on level
                    A         B        C        D         E        F      G
               +---------+---------+-------+---------+---------+-------+---------
         Total |       0 |   10186 |   0.0 |       0 |     236 |   0.0 |  8667
               +---------+---------+-------+---------+---------+-------+---------
           D:1 |       0 |      32 |   0.0 |       0 |      21 |   0.0 |   897
           D:2 |       0 |     127 |   0.0 |       0 |      24 |   0.0 |  1154
           D:3 |       0 |     241 |   0.0 |       0 |      25 |   0.0 |  1127
           D:4 |       0 |    1380 |   0.0 |       0 |      25 |   0.0 |  1247
           D:5 |       0 |     986 |   0.0 |       0 |      23 |   0.0 |   718
           D:6 |       0 |     958 |   0.0 |       0 |      20 |   0.0 |   731
           D:7 |       0 |    1932 |   0.0 |       0 |      28 |   0.0 |   912
           D:8 |       0 |     628 |   0.0 |       0 |      20 |   0.0 |   521
           D:9 |       0 |    2783 |   0.0 |       0 |      43 |   0.0 |  1111
          D:10 |       0 |    1119 |   0.0 |       0 |       7 |   0.0 |   181
               +---------+---------+-------+---------+---------+-------+---------
